 Dungeon Crawl Stone Soup version 0.31-a0-229-g1fc7ce93e2 (webtiles) character file.

Game seed: 16483482294225735893

88 qw the Shooter (level 4, -4/36 HPs)
             Began as a Minotaur Hexslinger on July 6, 2023.
             Killed from afar by an orc wizard (9 damage)
             ... with a puff of flame
             ... on level 3 of the Dungeon.
             The game lasted 00:00:39 (2279 turns).

qw the Shooter (Minotaur Hexslinger)                Turns: 2279, Time: 00:00:39

Health: -4/36      AC:  6    Str: 13    XL:     4   Next: 29%
Magic:  4/4        EV: 11    Int: 10    God:
Gold:   38         SH:  0    Dex: 14    Spells: 4/5 levels left

rFire   . . .        Y - +1 sling
rCold   . . .        (no shield)
rNeg    . . .        f - +0 ring mail
rPois   .            (helmet restricted)
rElec   .            (no cloak)
rCorr   .            (no gloves)
SInv    .            e - +0 pair of boots
Will    .....        (no amulet) Stlth
                     (no ring)
HPRegen 0.26/turn    (no ring)
MPRegen 0.09/turn

%: no passive effects
@: confused
A: horns 2, retaliatory headbutt
a: no special abilities


You were on level 3 of the Dungeon.
You visited 1 branch of the dungeon, and saw 3 of its levels.

You collected 38 gold pieces.


Innate Abilities, Weirdness & Mutations

You have a pair of horns on your head.
You reflexively headbutt those who attack you in melee.


   Skills:
 - Level 2.0 Fighting
 + Level 4.6 Ranged Weapons
 - Level 1.1 Armour
 - Level 2.1 Dodging
 - Level 1.0 Spellcasting
 - Level 2.0 Hexes


You had 4 spell levels left.
You knew the following spells:

 Your Spells              Type           Power      Damage    Failure   Level
a - Slow                  Hex            16%        N/A       32%         1

Your spell library contained the following spells:

 Spells                   Type           Power      Damage    Failure   Level
 Inner Flame              Hex/Fire       2%         N/A       82%         3
 Portal Projectile        Hex/Tloc       4%         N/A       82%         3
 Cause Fear               Hex            2%         N/A       97%         4

Inventory:

Hand Weapons
 Y - a +1 sling (weapon)
Armour
 e - a +0 pair of boots (worn)
 f - a +0 ring mail (worn)
Scrolls
 a - a scroll of identify
 b - a scroll of brand weapon {unknown}
Potions
 d - a potion of mutation {unknown}
 h - a potion of ambrosia {unknown}
 i - a potion of curing {unknown}

Dungeon Overview and Level Annotations

Branches:
Dungeon (3/15)

Altars:


Message History

You kill the orc!
You shoot a sling bullet. The sling bullet hits the orc priest.
The orc priest is moderately wounded.
You shoot a sling bullet. The sling bullet hits the orc priest.
The orc priest is moderately wounded.
The orc priest hits you with a +3 dagger.
You shoot a sling bullet. The sling bullet hits the orc priest!
The orc priest is almost dead.
The orc priest calls down the wrath of Beogh upon you.
Beogh smites you!
You shoot a sling bullet. The sling bullet hits the orc priest.
You kill the orc priest!
The orc wizard hits you but does no damage. x2
You have reached level 4!
You feel stronger.
You shoot a sling bullet. The sling bullet hits the orc wizard!
The orc wizard is heavily wounded.
The orc wizard hits you but does no damage.
You shoot a sling bullet.
The sling bullet hits the orc wizard but does no damage.
The orc wizard is heavily wounded.
The orc wizard gestures at you while chanting.
The magic dart hits you.
You shoot a sling bullet.
The sling bullet barely misses the orc wizard.
The orc wizard points at you and mumbles some strange words.
The puff of flame hits you! The orc wizard closely misses you.
You shoot a sling bullet.
The sling bullet closely misses the orc wizard.
The orc wizard mumbles some strange words.
The orc wizard flickers and vanishes!
Deactivating autopickup; reactivate with Ctrl-A.
You shoot a sling bullet.
You hear some strange, mumbled words.
You are confused.
You shoot a sling bullet.
The sling bullet hits you but does no damage.
You hear some strange, mumbled words.
A puff of flame appears from out of thin air!
The puff of flame hits you!
You die...

#.#.... #.#.### #.###..
#.# #.# #.# #.. #.# #.#
#.######## #.###..
.........# #)).###
#......)@.#########.#....
#......{..........#.#####
#.........#######.#.#####
#.........'..............
#.........#..####.#.#####
#.........#..# #.#.#
#.........#..####.#.#
#.........#.......#.#
###'#.#......######.#


There were no monsters in sight!

Vanquished Creatures
  An orc priest (D:3)
  A worm (D:2)
  A dart slug (D:1)
  7 orcs (D:3)
  2 bats (D:1)
  7 endoplasms
  4 goblins
  4 hobgoblins
  3 ball pythons
  5 frilled lizards
  6 kobolds
  4 rats
45 creatures vanquished.

Notes
Turn   | Place    | Note
-------+----------+-------------------------------------------
     0 | D:1      | qw the Minotaur Hexslinger began the quest for the Orb.
     0 | D:1      | Reached XP level 1. HP: 16/16 MP: 1/1
     0 | D:1      | 0 ||| qw: Version: 0.3-a-46-gb1f654a
     0 | D:1      | 0 ||| qw: Game counter: 1533
     0 | D:1      | 0 ||| qw: Melee chars always use a shield: true
     0 | D:1      | 0 ||| qw: God list: Okawaru
     0 | D:1      | 0 ||| qw: Allow faded altars: false
     0 | D:1      | 0 ||| qw: Do Orc after clearing Dungeon:15 true
     0 | D:1      | 0 ||| qw: Do second Lair branch before Depths: true
     0 | D:1      | 0 ||| qw: Lair rune preference: random
     0 | D:1      | 0 ||| qw: Goals: Normal
     0 | D:1      | 0 ||| PLANNING D:1-11
   139 | D:1      | Reached skill level 3 in Ranged Weapons
   225 | D:1      | Reached XP level 2. HP: 23/23 MP: 2/2
   534 | D:1      | Found a faded altar of an unknown god.
   795 | D:1      | 795 ||| UPGRADING to +0 pair of boots.
   800 | D:1      | 800 ||| UPGRADING to +0 ring mail.
   810 | D:1      | 810 ||| DROPPING +0 robe.
   811 | D:1      | 811 ||| DROPPING ring of wizardry.
   812 | D:1      | 812 ||| READING 2 scrolls labelled XUNTEO XAHU.
   813 | D:1      | 813 ||| DROPPING scroll of poison.
  1050 | D:2      | Reached XP level 3. HP: 29/29 MP: 3/3
  1646 | D:2      | 1646 ||| READING scroll labelled TERI LEZOR.
  1747 | D:2      | 1747 ||| READING scroll labelled HOSENI ERRANK.
  1748 | D:2      | 1748 ||| READING 2 scrolls of identify.
  1748 | D:2      | 1748 ||| IDENTIFYING puce potion
  1749 | D:2      | 1749 ||| DROPPING potion of attraction.
  1942 | D:3      | Reached skill level 4 in Ranged Weapons
  1946 | D:3      | HP: 6/29 [orc/+2 dagger of speed (3)]
  1962 | D:3      | 1962 ||| FLEEEEING.
  2147 | D:3      | Reached skill level 1 in Armour
  2274 | D:3      | Reached XP level 4. HP: 18/36 MP: 4/4
  2276 | D:3      | HP: 4/36 [orc wizard/puff of flame (12)]
  2279 | D:3      | Killed from afar by an orc wizard

Levels and vault maps discovered:
D:1:      doesnt_arrival_eight_statues, layout_basic,
          ebering_ecumenical_altar_petrified
D:2:      layout_basic
D:3:      layout_basic, lemuel_round_altar, minmay_misc_feat_ornament

Skill      XL: |  1  2  3 |
---------------+----------+-----
Ranged Weapons | 3 4 |  4.6
Fighting       | 2 |  2.0
Armour         | 1 |  1.1
Dodging        | |  2.1
Spellcasting   | |  1.0
Hexes          | |  2.0

Action                     |  1- 3 |  4- 6 || total
---------------------------+-------+-------++-------
   Fire: Sling             |   128 |     6 ||   134
    Use: Scroll            |     4 |       ||     4
 Armour: Robe              |     3 |       ||     3
         Ring mail         |    13 |     2 ||    15
  Dodge: Dodged            |    33 |     1 ||    34

Table legend:
 A = Non-vault XP
 B = Vault XP
 C = Vault XP percentage of total XP
 D = Non-vault monster count
 E = Vault monster count
 F = Vault count percentage of total count
                 A         B        C        D         E       F
            +---------+---------+-------+---------+---------+-------
      Total |     126 |       0 |   0.0 |      45 |       0 |   0.0
            +---------+---------+-------+---------+---------+-------
        D:1 |      31 |       0 |   0.0 |      19 |       0 |   0.0
        D:2 |      19 |       0 |   0.0 |      10 |       0 |   0.0
        D:3 |      76 |       0 |   0.0 |      16 |       0 |   0.0
            +---------+---------+-------+---------+---------+-------
